 Dungeon Crawl Stone Soup version 0.23.1 (webtiles) character file.

Game seed: 12138254032132560038

16006 Laiders72 the Bludgeoner (level 12, 0/97 HPs)
             Began as a Formicid Fighter on Mar 9, 2019.
             Was an Elder of Qazlal.
             Slain by a meliai
             ... wielding a +0 war axe
              (4 damage)
             ... on level 13 of the Dungeon.
             The game lasted 00:39:40 (12243 turns).

Laiders72 the Bludgeoner (Formicid Fighter)        Turns: 12243, Time: 00:39:41

Health: 0/97       AC: 17    Str: 24    XL:     12   Next: 64%
Magic:  9/12       EV: 21    Int: 13    God:    Qazlal [****..]
Gold:   558        SH: 17    Dex: 11    Spells: 11/11 levels left

rFire    + + .     SeeInvis +   L - +5 morningstar
rCold    . . .     Gourm    .   c - +0 shield
rNeg     + . .     Faith    .   H - +2 plate armour {rF+}
rPois    .         Spirit   .   (helmet unavailable)
rElec    .         Reflect  .   q - +1 cloak
rCorr    .         Harm     .   s - +0 pair of gloves
MR       +....                  e - +0 pair of boots
Stlth    ..........             w - amulet of the acrobat
HPRegen  0.26/turn              K - ring "Uvef" {rF+ Str+3 Int+3 Dex-2}
MPRegen  0.13/turn              b - ring of positive energy

@: acrobat, repel missiles
A: permanent stasis, dig shafts and tunnels, four strong arms, antennae 3
a: Dig, Shaft Self, Upheaval, Elemental Force, Renounce Religion


You were on level 13 of the Dungeon.
You worshipped Qazlal.
Qazlal was greatly pleased with you.
You were not hungry.

You visited 2 branches of the dungeon, and saw 14 of its levels.

You collected 681 gold pieces.
You spent 123 gold pieces at shops.

Inventory:

Hand Weapons
 L - a +5 morningstar (weapon)
Armour
 c - a +0 shield (worn)
 e - a +0 pair of boots (worn)
 q - a +1 cloak (worn)
 s - a +0 pair of gloves (worn)
 H - a +2 plate armour of fire resistance (worn)
Jewellery
 a - a +3 ring of protection
 b - a ring of positive energy (right hand)
 h - a +3 ring of dexterity
 w - an amulet of the acrobat (around neck)
 A - an uncursed ring of protection from fire
 K - the ring "Uvef" (left hand) {rF+ Str+3 Int+3 Dex-2}
   (You found it on level 12 of the Dungeon)

   [ring of intelligence]

   It affects your strength (+3).
   It affects your intelligence (+3).
   It affects your dexterity (-2).
   It protects you from fire.
Wands
 k - a wand of digging (3)
 x - a wand of polymorph (18)
 z - a wand of iceblast (8)
 C - a wand of paralysis (9)
 E - a wand of flame (51)
 I - a wand of clouds (6)
Scrolls
 i - 3 scrolls of fog
 j - 2 scrolls of enchant armour
 m - 2 scrolls of identify
 n - 3 scrolls of fear
 o - 3 scrolls of magic mapping
 p - 2 scrolls of immolation {unknown}
 u - 2 scrolls of remove curse
 y - a scroll of enchant weapon {unknown}
 F - a scroll of summoning {unknown}
 G - 2 scrolls of blinking {unknown}
Potions
 d - 5 potions of might
 l - 2 potions of magic
 r - 2 potions of agility
 t - 3 potions of curing
 v - 3 potions of mutation
 B - 2 potions of brilliance
 D - a potion of lignification
Comestibles
 f - 23 rations
 g - 5 chunks of flesh


   Skills:
 - Level 10.0 Fighting
 * Level 15.7 Maces & Flails
 - Level 3.2 Armour
 - Level 9.1 Shields


You had 11 spell levels left.
You didn't know any spells.
Your spell library contained the following spells:

 Spells                   Type           Power        Failure   Level  Hunger
 Animate Skeleton         Necr           N/A          99%         1    ##.....
 Apportation              Tloc           #.....       99%         1    ##.....
 Confusing Touch          Hex            #.....       99%         1    ##.....
 Summon Small Mammal      Summ           #...         99%         1    ##.....
 Confuse                  Hex            #.......     100%        3    ####...
 Gell's Gravitas          Tloc           #.........   100%        3    ####...
 Petrify                  Tmut/Erth      #.......     100%        4    #####..
 Metabolic Englaciation   Hex/Ice        #.........   100%        5    ######.
 Yara's Violent Unravell  Hex/Tmut       #.........   100%        5    ######.


Dungeon Overview and Level Annotations

Branches:
Dungeon (13/15)            Temple (1/1) D:4            Lair (0/6) D:8
    Orc (0/2) D:11
 Vaults: D:13-14

Altars:
Ashenzari
Cheibriados
Dithmenos
Elyvilon
Fedhas
Gozag
Hepliaklqana
Kikubaaqudgha
Makhleb
Nemelex Xobeh
Okawaru
Qazlal
Ru
Sif Muna
Trog
Uskayaw
Vehumet
Wu Jian
Xom
Yredelemnul
Zin
The Shining One

Shops:
D:8 ?   D:11 [!

Annotations:
D:7 1 runed translucent door, dengdeng's ghost, novice MiBe
D:10 1 runed translucent door


Innate Abilities, Weirdness & Mutations

You cannot be hasted, slowed, berserked, paralysed or teleported.
You can dig through walls and to a lower floor.
Your four strong arms can wield two-handed weapons with a shield.
You have a pair of large antennae on your head. (SInv)


Message History

* * * LOW HITPOINT WARNING * * *
You block the meliai's attack.
You hear a bellow!
You block the meliai's attack. The meliai barely misses you.
You hear a bellow!
You block the meliai's attack. x2
You see here a black bear skeleton.
The meliai invokes the aid of its god against you.
Something smites you!
* * * LOW HITPOINT WARNING * * *
You block the meliai's attack. x2
Okay, then.
Okay, then.
The meliai is no longer encased in ice.
The meliai closely misses you. You block the meliai's attack.
You block the meliai's attack. The meliai closely misses you.
The meliai hits you with a +0 war axe!
* * * LOW HITPOINT WARNING * * *
The meliai stings you.
You die...

## { { .. {##
{{. { #.######
#Y#....# {{
#.#.##@#
{#)#..#y#
{#.#.<#y#
#.####.#
#..y{..#
.......#######
.......
.......
#.##...


You could see 2 meliai.

Vanquished Creatures
  A hydra (D:12)
  Harold (D:11)
  Fannar (D:11)
  2 two-headed ogres
  Sonja (D:11)
  An unseen horror (D:12)
  3 cyclopes
  3 centaur zombies
  2 trolls
  A meliai (D:13)
  2 hippogriffs
  Sigmund (D:2)
  11 yaks
  A wyvern (D:10)
  A wraith (D:12)
  2 steam dragons
  A vampire mosquito (D:10)
  3 black bears
  2 phantoms
  3 ice beasts
  4 orc warriors
  A swamp drake (D:11)
  4 sky beasts
  9 ogres
  4 centaurs
  A crocodile (D:11)
  4 bullfrogs
  3 big kobolds
  A wyvern zombie (D:10)
  5 scorpions
  2 water moccasin skeletons
  9 howler monkeys
  9 wights
  A bullfrog zombie (D:10)
  4 crimson imps
  3 bullfrog skeletons
  6 hounds
  3 jellies
  A quasit (D:5)
  7 orc priests
  2 centaur skeletons
  5 iguanas
  11 orc wizards
  8 worker ants
  2 hound zombies
  A hound skeleton (D:4)
  A howler monkey zombie (D:7)
  2 worker ant zombies
  14 adders
  2 shadow imps
  An ooze (D:1)
  2 adder skeletons (D:5)
  An adder zombie (D:9)
  3 worms
  5 dart slugs
  5 leopard geckos
  35 orcs
  A ball python (D:1)
  5 giant cockroaches
  5 goblins
  5 hobgoblins
  10 jackals
  15 kobolds
  4 quokkas
  4 bats
  4 frilled lizards
  A jackal zombie (D:5)
  2 leopard gecko skeletons (D:4)
  3 quokka skeletons
  8 rats
291 creatures vanquished.

Vanquished Creatures (others)
  A sky beast (D:10)
  An orc (D:10)
2 creatures vanquished.

Grand Total: 293 creatures vanquished

Notes
Turn   | Place    | Note
-------+----------+-------------------------------------------
     0 | D:1      | Laiders72 the Formicid Fighter began the quest for the Orb.
     0 | D:1      | Reached XP level 1. HP: 18/18 MP: 1/1
   174 | D:1      | Reached XP level 2. HP: 21/24 MP: 2/2
   306 | D:1      | Reached XP level 3. HP: 27/30 MP: 3/3
   316 | D:1      | Reached skill level 3 in Maces & Flails
   731 | D:2      | Reached XP level 4. HP: 31/37 MP: 4/4
   745 | D:2      | Noticed Sigmund
   763 | D:2      | Killed Sigmund
   763 | D:2      | Reached skill level 4 in Maces & Flails
   763 | D:2      | Reached XP level 5. HP: 33/43 MP: 5/5
   763 | D:2      | Reached XP level 6. HP: 38/49 MP: 6/6
  1281 | D:3      | Found a sparkling altar of Nemelex Xobeh.
  1944 | D:4      | Found a staircase to the Ecumenical Temple.
  1951 | D:4      | Reached skill level 5 in Maces & Flails
  1951 | D:4      | Reached skill level 5 in Shields
  2054 | Temple   | Entered the Ecumenical Temple
  2159 | Temple   | Became a worshipper of Qazlal Stormbringer
  2224 | D:4      | Found an opulent altar of Gozag.
  2275 | D:4      | Reached skill level 5 in Fighting
  2275 | D:4      | Reached XP level 7. HP: 37/56 MP: 7/7
  2896 | D:4      | Reached skill level 6 in Maces & Flails
  2917 | D:4      | Reached * piety under Qazlal
  2917 | D:4      | Reached XP level 8. HP: 30/63 MP: 8/8
  3341 | D:4      | Found a glowing silver altar of Zin.
  3418 | D:5      | Entered Level 5 of the Dungeon
  3493 | D:5      | Reached skill level 7 in Maces & Flails
  3520 | D:5      | Got a jewelled leather armour
  3557 | D:5      | Identified the +2 leather armour of Saeriuji {rElec SInv
                  | Stlth-} (You found it on level 5 of the Dungeon)
  3676 | D:5      | Reached XP level 9. HP: 68/71 MP: 9/9
  3837 | D:5      | Found an iron altar of Okawaru.
  4072 | D:6      | Reached skill level 8 in Maces & Flails
  4764 | D:7      | Reached ** piety under Qazlal
  5142 | D:7      | Found a blossoming altar of Fedhas.
  5168 | D:7      | Found a runed translucent door.
  5246 | D:7      | Reached skill level 9 in Maces & Flails
  5275 | D:7      | Found a shattered altar of Ashenzari.
  5448 | D:7      | Noticed dengdeng's ghost (novice MiBe)
  5506 | D:8      | Found Benaerch's Magic Scroll Boutique.
  5523 | D:8      | Bought a scroll of identify for 26 gold pieces
  5523 | D:8      | Bought a scroll of magic mapping for 45 gold pieces
  5523 | D:8      | Bought a scroll of identify for 26 gold pieces
  5523 | D:8      | Bought a scroll of identify for 26 gold pieces
  5564 | D:8      | Found a staircase to the Lair.
  5778 | D:8      | Found a white marble altar of Elyvilon.
  5908 | D:8      | Reached *** piety under Qazlal
  5912 | D:8      | Reached XP level 10. HP: 65/80 MP: 10/10
  6506 | D:9      | Found a shimmering altar of Xom.
  6562 | D:9      | Noticed a cyclops
  6577 | D:9      | Killed a cyclops
  6577 | D:9      | Reached skill level 10 in Maces & Flails
  7695 | D:10     | Entered Level 10 of the Dungeon
  7743 | D:10     | Reached skill level 11 in Maces & Flails
  7798 | D:10     | Reached **** piety under Qazlal
  7899 | D:10     | Found a runed translucent door.
  7902 | D:10     | Noticed a frost giant
  7902 | D:10     | Noticed a fire giant
  7903 | D:10     | Identified the +7 short sword "Cuegum" {venom, Stlth+}
  8000 | D:10     | Reached XP level 11. HP: 89/89 MP: 11/11
  8716 | D:10     | Noticed a two-headed ogre
  8732 | D:10     | Killed a two-headed ogre
  8732 | D:10     | Reached skill level 10 in Fighting
  8732 | D:10     | Reached skill level 12 in Maces & Flails
  9643 | D:11     | Noticed Fannar
  9743 | D:11     | Killed Fannar
  9743 | D:11     | Reached skill level 13 in Maces & Flails
 10106 | D:11     | Noticed Sonja
 10132 | D:11     | Killed Sonja
 10217 | D:11     | Found Yssunean's Distillery.
 10399 | D:11     | Found Jodul's Antique Armour Emporium.
 10714 | D:11     | Noticed Harold
 10722 | D:11     | Killed Harold
 10722 | D:11     | Reached skill level 14 in Maces & Flails
 10804 | D:11     | Reached XP level 12. HP: 96/97 MP: 12/12
 10889 | D:11     | Found a staircase to the Orcish Mines.
 11532 | D:12     | Noticed a two-headed ogre
 11549 | D:12     | Killed a two-headed ogre
 11630 | D:12     | Noticed an unseen horror
 11641 | D:12     | Killed an unseen horror
 11641 | D:12     | Reached skill level 15 in Maces & Flails
 11650 | D:12     | Noticed a seven-headed hydra
 11657 | D:12     | Killed a seven-headed hydra
 11785 | D:12     | Got a glittering silver ring
 11808 | D:12     | Identified the ring "Uvef" {rF+ Str+3 Int+3 Dex-2} (You
                  | found it on level 12 of the Dungeon)
 12243 | D:13     | HP: 4/97 [meliai/+0 war axe (7)]
 12243 | D:13     | Slain by a meliai

Skill      XL: |  1  2  3  4  5  6  7  8  9 10 11 12 |
---------------+-------------------------------------+-----
Maces & Flails | 3 4 5 6 7 9 11 14 15 | 15.7
Fighting       | 4 5 6 7 9 10 | 10.0
Shields        | 4 5 7 8 9 |  9.1
Armour         | |  3.2

Action                   |  1- 3 |  4- 6 |  7- 9 | 10-12 || total
-------------------------+-------+-------+-------+-------++-------
Melee: Flail             |    93 |   157 |   375 |   444 ||  1069
       Morningstar       |       |       |       |   154 ||   154
Invok: Upheaval          |       |       |       |     8 ||     8
       Elemental Force   |       |       |       |     1 ||     1
  Use: Potion            |       |     1 |     2 |     3 ||     6
       Scroll            |       |     7 |     3 |     9 ||    19
  Eat: Chunk             |       |     5 |    12 |    17 ||    34
       Ration            |       |       |       |     1 ||     1
Armor: Scale mail        |    52 |    71 |    56 |       ||   179
       Leather armour    |       |       |    45 |       ||    45
       Skin              |       |       |     2 |       ||     2
       Plate armour      |       |       |    69 |   182 ||   251
Dodge: Dodged            |    41 |    54 |   121 |    93 ||   309
       Deflected         |       |       |       |     3 ||     3
Block: Shield            |    53 |    90 |   280 |   402 ||   825
